 Dungeon Crawl Stone Soup version 0.23-b1-75-g379dba2534 (webtiles) character file.

Game seed: 11213853749794937337

786 Kisielow the Cudgeler (level 7, -2/61 HPs)
             Began as a Minotaur Fighter on Feb 6, 2019.
             Was an Initiate of Okawaru.
             Slain by lyphon's ghost (6 damage)
             ... on level 4 of the Dungeon.
             The game lasted 00:07:58 (3658 turns).

Kisielow the Cudgeler (Minotaur Fighter)            Turns: 3658, Time: 00:07:58

Health: -2/61      AC: 12    Str: 23    XL:     7   Next: 56%
Magic:  6/6        EV:  4    Int:  5    God:    Okawaru [......]
Gold:   178        SH: 11    Dex:  9    Spells: 6/6 levels left

rFire    + + .     SeeInvis .   a - +0 flail
rCold    + . .     Gourm    .   c - +1 shield
rNeg     . . .     Faith    .   b - +0 plate armour
rPois    +         Spirit   .   (helmet restricted)
rElec    +         Reflect  .   (no cloak)
rCorr    +         Harm     .   (no gloves)
MR       .....                  (no boots)
Stlth    ..........             (no amulet)
HPRegen  0.20/turn              p - ring of protection from fire
MPRegen  0.10/turn              (no ring)

@: lethally poisoned (-2 -> -3), resistant
A: retaliatory headbutt, horns 2
a: Renounce Religion


You were on level 4 of the Dungeon.
You worshipped Okawaru.
Okawaru was noncommittal.
You were hungry.

You visited 2 branches of the dungeon, and saw 5 of its levels.

You collected 178 gold pieces.

Inventory:

Hand Weapons
 a - a +0 flail (weapon)
Armour
 b - a +0 plate armour (worn)
 c - a +1 shield (worn)
Jewellery
 p - a ring of protection from fire (left hand)
 r - an uncursed ring of protection from magic {unknown}
Wands
 m - a wand of digging (2)
Scrolls
 d - 2 scrolls of remove curse
 j - 5 scrolls of identify
 n - a scroll of enchant armour
 o - a scroll of amnesia
Potions
 e - a potion of agility
 g - a potion of degeneration {unknown}
 h - a potion of lignification
 i - a potion of resistance
 k - a potion of heal wounds
 l - 2 potions of curing
Comestibles
 f - 9 rations


   Skills:
 + Level 5.4 Fighting
 * Level 7.6 Maces & Flails
 + Level 5.4 Armour
 + Level 5.4 Shields


You had 6 spell levels left.
You didn't know any spells.
Your spell library was empty.

Dungeon Overview and Level Annotations

Branches:
Dungeon (4/15)             Temple (1/1) D:4

Altars:
Elyvilon
Fedhas
Gozag
Hepliaklqana
Kikubaaqudgha
Makhleb
Nemelex Xobeh
Okawaru
Ru
Sif Muna
Uskayaw
Vehumet
Wu Jian
Xom
Zin
The Shining One

Annotations:
D:4 lyphon's ghost, amateur HOFi


Innate Abilities, Weirdness & Mutations

You reflexively headbutt those who attack you in melee.
You have a pair of horns on your head.


Message History

You feel better.
You block the adder's attack. x2; Lyphon's ghost hits you!
* * * LOW HITPOINT WARNING * * *
The adder bites you.
* * * LOW HITPOINT WARNING * * *
You are poisoned.
The adder poisons you!
You feel protected.
You feel sick. You block the adder's attack.
The adder bites you but does no damage. Lyphon's ghost completely misses you.
You hit lyphon's ghost but do no damage.
You headbutt lyphon's ghost, but do no damage.
Lyphon's ghost is heavily damaged.
You block the adder's attack. x2; Lyphon's ghost hits you.
* * * LOW HITPOINT WARNING * * *
The adder bites you but does no damage.
You hit lyphon's ghost but do no damage.
Lyphon's ghost is heavily damaged.
The adder barely misses you. You block the adder's attack.
Lyphon's ghost hits you.
You die...

#....##.................#####
##.......##.....###.....#...#
#.....######...###........[.#
......## #..## ##......#.##
.......# #...# ##..######
......## #...### #.## ÷.....#
###...##### <.....#
#.S######## .....##
#..@W≈≈≈[≈# .....#
##S######## .....# #..##
...### #### ##.## ....# #..##
.### ##


You could see lyphon's ghost and 2 adders.

Vanquished Creatures
  Sigmund (D:3)
  Menkaure (D:3)
  2 ogres
  A howler monkey (D:4)
  A hound (D:3)
  A bullfrog skeleton (D:4)
  Natasha (thrice) (D:3)
  2 orc wizards (D:4)
  A gnoll (D:1)
  2 adders (D:4)
  4 oozes
  3 worms
  A dart slug (D:3)
  A leopard gecko (D:1)
  3 orcs
  8 bats
  A giant cockroach (D:3)
  2 hobgoblins
  4 jackals (D:4)
  3 ball pythons
  A ball python skeleton (D:4)
  A frilled lizard (D:2)
  6 goblins
  A jackal skeleton (D:4)
  2 kobolds
  9 rats
  A plant (D:4)
66 creatures vanquished.

Notes
Turn   | Place    | Note
-------+----------+-------------------------------------------
     0 | D:1      | Kisielow the Minotaur Fighter began the quest for the Orb.
     0 | D:1      | Reached XP level 1. HP: 19/19 MP: 0/0
   139 | D:1      | Reached skill level 3 in Maces & Flails
   163 | D:1      | Reached XP level 2. HP: 14/26 MP: 1/1
   174 | D:1      | Reached skill level 4 in Maces & Flails
   463 | D:1      | Reached XP level 3. HP: 30/31 MP: 2/2
  1300 | D:2      | Found a sacrificial altar of Ru.
  1489 | D:2      | Found an ornate altar of the Wu Jian Council.
  1665 | D:3      | Reached skill level 5 in Maces & Flails
  1723 | D:3      | Noticed Sigmund
  1736 | D:3      | Killed Sigmund
  1736 | D:3      | Reached skill level 6 in Maces & Flails
  1736 | D:3      | Reached XP level 4. HP: 40/40 MP: 3/3
  1736 | D:3      | Reached XP level 5. HP: 46/46 MP: 4/4
  1918 | D:3      | Noticed Natasha
  1920 | D:3      | Killed Natasha
  1921 | D:3      | Reached XP level 6. HP: 51/53 MP: 5/5
  2255 | D:3      | Noticed Natasha
  2263 | D:3      | Killed Natasha
  2306 | D:3      | Noticed Natasha
  2314 | D:3      | Killed Natasha
  2365 | D:4      | Found a shimmering altar of Xom.
  2366 | D:4      | Noticed Menkaure
  2550 | D:3      | Killed Menkaure
  2550 | D:3      | Reached skill level 5 in Fighting
  2550 | D:3      | Reached skill level 7 in Maces & Flails
  2550 | D:3      | Reached skill level 5 in Armour
  2550 | D:3      | Reached skill level 5 in Shields
  2550 | D:3      | Reached XP level 7. HP: 61/61 MP: 6/6
  2741 | D:4      | Found a staircase to the Ecumenical Temple.
  2754 | Temple   | Entered the Ecumenical Temple
  2822 | Temple   | Became a worshipper of Warmaster Okawaru
  3493 | D:4      | Found a hazy altar of Hepliaklqana.
  3497 | D:4      | Found a burning altar of Makhleb.
  3523 | D:4      | Found an opulent altar of Gozag.
  3632 | D:4      | Found a runed translucent door.
  3635 | D:4      | Noticed lyphon's ghost (amateur HOFi)
  3658 | D:4      | Slain by lyphon's ghost

Skill      XL: |  1  2  3  4  5  6 |
---------------+-------------------+-----
Maces & Flails | 3 4 6 7 |  7.6
Fighting       | 4 5 |  5.4
Armour         | 4 5 |  5.4
Shields        | 4 5 |  5.4

Action                   |  1- 3 |  4- 6 |  7- 9 || total
-------------------------+-------+-------+-------++-------
Melee: Flail             |    91 |    55 |    74 ||   220
       Headbutt          |    10 |     7 |    22 ||    39
  Use: Potion            |     1 |     4 |     2 ||     7
       Scroll            |       |       |     6 ||     6
  Eat: Chunk             |     3 |     2 |       ||     5
       Ration            |       |       |     1 ||     1
Armor: Scale mail        |    24 |       |       ||    24
       Chain mail        |    17 |    17 |       ||    34
       Skin              |       |     6 |       ||     6
       Plate armour      |       |       |    41 ||    41
Dodge: Dodged            |    23 |    10 |    14 ||    47
Block: Shield            |    38 |    18 |    43 ||    99
